 Dungeon Crawl Stone Soup version 0.30-a0-341-g682706514a (webtiles) character file.

Game seed: 1459451456120185728

39583 lunkers the Earth Mage (level 14, -8/96 (107) HPs)
             Began as a Meteoran Earth Elementalist on Nov 2, 2022.
             Was a High Priest of Vehumet.
             Mangled by a jumping spider (19 damage)
             ... on level 1 of the Spider Nest on Nov 4, 2022.
             The game lasted 00:46:45 (6761 turns).

lunkers the Earth Mage (MeEE)                       Turns: 6761, Time: 00:46:46

HP:   -8/96 (107)   AC:  9    Str:  6    XL:     14   Next: 79%
MP:   22/33         EV: 12    Int: 23    God:    Vehumet [*****.]
Gold: 1490          SH: 16    Dex: 22    Spells: 12/41 levels left

rFire   + + .      SeeInvis .    u - +3 rapier (elec)
rCold   + . .      Faith    .    a - +2 kite shield {AC+3}
rNeg    . . .      Spirit   .    j - +2 robe {rC+ rF+}
rPois   .          Reflect  .    (no helmet)
rElec   +          Harm     .    A - +0 cloak
rCorr   .          Rampage  .    I - +0 pair of gloves
Will    ++...                    (no boots)
Stlth   +.........               (no amulet)
HPRegen 0.36/turn                v - ring of wizardry
MPRegen 0.23/turn                n - ring of Equilibrium {rElec rF+ Will+ Str-3 Dex+7}

@: glowing, heavily drained
A: sense surroundings 2, otherworldly, glowing, explore regen
a: Renounce Religion


You were on level 1 of the Spider Nest.
You worshipped Vehumet.
Vehumet was extremely pleased with you.
You visited 3 branches of the dungeon, and saw 16 of its levels.
You also visited: Bailey, Gauntlet and Volcano.

You collected 2022 gold pieces.
You spent 532 gold pieces at shops.

Inventory:

Hand Weapons
 u - a +3 rapier of electrocution (weapon)
 D - a +3 longbow of freezing
 K - a +0 vorpal morningstar
Missiles
 e - 2 throwing nets
Armour
 a - a +2 kite shield of protection (worn)
 j - a +2 robe of resistance (worn)
 w - a +0 kite shield of protection
 A - a +0 cloak (worn)
 H - a +2 leather armour of fire resistance
 I - a +0 pair of gloves (worn)
Jewellery
 n - the ring of Equilibrium (right hand) {rElec rF+ Will+ Str-3 Dex+7}
   (You found it in a Gauntlet)

   [ring of willpower]

   Str:       It affects your strength (-3).
   Dex:       It affects your dexterity (+7).
   rF:        It protects you from fire.
   rElec:     It insulates you from electricity.
   Will:      It increases your willpower.
 v - a ring of wizardry (left hand)
 z - a ring of see invisible
 E - a ring of resist corrosion
 G - a +6 ring of dexterity
Wands
 k - a wand of flame (35)
 t - a wand of polymorph (5)
 x - a wand of paralysis (33)
 y - a wand of roots (16)
 B - a wand of light (2)
Scrolls
 g - a scroll of identify
 h - 2 scrolls of teleportation
 i - 2 scrolls of magic mapping
 q - 2 scrolls of enchant weapon
 C - 2 scrolls of enchant armour
 F - a scroll of amnesia
Potions
 b - a potion of magic
 c - 7 potions of heal wounds
 d - 2 potions of resistance
 f - 2 potions of haste
 l - a potion of mutation
 m - a potion of attraction
 p - 8 potions of curing
 r - a potion of flight {unknown}
 s - 2 potions of ambrosia
 J - a potion of brilliance {unknown}
Miscellaneous
 L - a tin of tremorstones (2/2)


   Skills:
 - Level 5.1 Fighting
 - Level 2.4 Dodging
 - Level 1.4 Stealth
 * Level 13.9 Shields
 - Level 14.0 Spellcasting
 - Level 9.5 Conjurations
 + Level 6.9 Necromancy
 - Level 1.2 Transmutations
 * Level 16.3 Earth Magic


You had 12 spell levels left.
You knew the following spells:

 Your Spells              Type           Power      Damage    Failure   Level
a - Sandblast             Erth           100%       2d20      0%          1
b - Passwall              Tmut/Erth      45%        N/A       1%          2
c - Stone Arrow           Conj/Erth      100%       3d13      1%          3
d - Petrify               Tmut/Erth      54%        N/A       1%          4
e - Iskenderun's Battles  Conj           56%        2d11      1%          5
f - Borgnjor's Vile Clut  Necr/Erth      31%        N/A       1%          5
g - Shatter               Erth           37%        3d29*     58%         9

Your spell library contained the following spells:

 Spells                   Type           Power      Damage    Failure   Level
 Conjure Ball Lightning   Conj/Air       18%        3x3d6     16%         6
 Kiss of Death            Conj/Necr      100%       2d13      1%          1
 Poisonous Vapours        Pois/Air       32%        N/A       1%          2
 Sublimation of Blood     Necr           47%        N/A       1%          2
 Dazzling Flash           Conj/Hex       74%        N/A       1%          3
 Dispel Undead            Necr           47%        3d18      1%          4
 Leda's Liquefaction      Hex/Erth       26%        N/A       1%          4
 Sticky Flame             Conj/Fire      37%        2d6       1%          4
 Sting                    Tmut/Pois      72%        1d6       2%          1
 Wereblood                Tmut           21%        N/A       2%          2
 Agony                    Necr           47%        N/A       4%          5
 Olgreb's Toxic Radiance  Pois           16%        N/A       8%          4
 Call Canine Familiar     Summ           16%        N/A       9%          3
 Confusing Touch          Hex            16%        N/A       9%          3
 Portal Projectile        Hex/Tloc       32%        N/A       9%          3
 Alistair's Intoxication  Tmut/Pois      12%        N/A       50%         5
 Silence                  Hex/Air        8%         N/A       56%         5
 Eringya's Noxious Bog    Tmut/Pois      9%         N/A       56%         6
 Summon Hydra             Summ           8%         N/A       100%        7
 Chain Lightning          Conj/Air       18%        3d24      100%        9
 Fire Storm               Conj/Fire      18%        8d5       100%        9


Dungeon Overview and Level Annotations

Branches:
Dungeon (10/15) Zot: 1802  Temple (0/1) D:7            Lair (5/5) D:8 Zot: 1084
 Spider (1/4) Lair:3 Zot: 581   Slime (0/5) Lair:5       Bailey (visited)
Volcano (visited)         Gauntlet (visited)
  Swamp: Lair:2-3    Shoals: Lair:2-3       Orc: D:9-12

Altars:
Dithmenos
Gozag
Hepliaklqana
Makhleb
Vehumet
Yredelemnul
The Shining One
Jiyva

Shops:
D:4 :   D:9 :

Annotations:
D:9 4 runed translucent doors, IdlyInterested's ghost, novice DsGl


Innate Abilities, Weirdness & Mutations

You passively map the area around you.
You are easily found by Zot.
You glow in the dark.
You regain HP and MP as you explore.


Message History

Unknown command.
Unknown command.
Unknown command.
Unknown command.
Casting: Borgnjor's Vile Clutch (mildly dangerous; 1% risk of failure)
Confirm with . or Enter, or press ? or * to list all spells.
Aiming: Borgnjor's Vile Clutch (mildly dangerous; 1% risk of failure)
Press: ? - help, Shift-Dir - straight line, f - jumping spider, p - moth of wrath
Aim: a jumping spider (berserk, 100% to hit)
Okay, then.
The culicivora attacks as you move away!
The culicivora bites you.
* * * LOW HITPOINT WARNING * * *
The culicivora draws strength from your injuries!
The zombie hands constrict the pharaoh ant!
The zombie hands constrict the moth of wrath!
The jumping spider rages.
The pharaoh ant struggles to escape constriction.
The moth of wrath struggles to escape constriction.
You block the jumping spider's attack. x2
The pharaoh ant struggles to escape constriction.
Unknown command.
Unknown command.
Unknown command.
Casting: Borgnjor's Vile Clutch (mildly dangerous; 1% risk of failure)
Confirm with . or Enter, or press ? or * to list all spells.
Aiming: Borgnjor's Vile Clutch (mildly dangerous; 1% risk of failure)
Press: ? - help, Shift-Dir - straight line, f - jumping spider, p - moth of wrath
Aim: a jumping spider (berserk, 100% to hit)
Zombie hands grab the jumping spider.
Zombie hands grab the culicivora.
The zombie hands constrict the jumping spider!
The zombie hands constrict the pharaoh ant.
The zombie hands constrict the moth of wrath!
The zombie hands constrict the culicivora!
You block the jumping spider's attack. x2
The culicivora bites you but does no damage.
The culicivora struggles to escape constriction.
The moth of wrath goads the culicivora on!
The culicivora goes berserk!
The jumping spider pounces on you!!
You die...

#### ##..### ##
##.....##... **
#@s....s.... , *
##s.^#...... ,,
* , ###B......#,
, , ,
,#.sy....=.#,,
,, , ,
,#...^.†......,
, ,,
,#...#.....#.. *
,......^.....# ,
, ,
............# ,
, * ,
.#....#........,


You could see a moth of wrath (clutched), 2 culicivoras, a pharaoh ant
(clutched) and a jumping spider (berserk, clutched).

Vanquished Creatures
  A minotaur (Gauntlet)
  A fire dragon (Lair:5)
  2 hydras (Lair:5)
  A catoblepas (Lair:5)
  A two-headed ogre (D:7)
  2 boulder beetles
  3 death yaks (Lair:5)
  A tengu warrior (D:8)
  A sun demon (Gauntlet)
  Sonja (Lair:5)
  2 sixfirhies (Gauntlet)
  3 lindwurms
  An orc knight (Bailey)
  A deep elf pyromancer (D:10)
  A salamander (Bailey)
  2 manticores (Lair:5)
  8 elephants
  2 black mambas (Lair:5)
  4 torpor snails (Lair:5)
  A molten gargoyle (Volcano)
  2 gargoyles (Volcano)
  A hellion (Gauntlet)
  A kobold demonologist (D:7)
  6 cane toads
  4 rime drakes
  7 komodo dragons
  4 tyrant leeches (Lair:5)
  8 hornets
  A tarantella (Spider:1)
  5 blink frogs (Lair:5)
  2 raiju (Gauntlet)
  2 dream sheep (Lair:5)
  A jumping spider (Lair:3)
  Sigmund (D:2)
  2 wraiths
  14 yaks
  2 culicivoras (Lair:3)
  7 wyverns
  A fire elemental (Volcano)
  3 basilisks
  4 redbacks
  9 water moccasins
  9 orc warriors
  A hell hound (Gauntlet)
  4 black bears
  A sky beast (D:6)
  7 ogres (D:7)
  14 wolves
  A centaur (D:9)
  2 phantoms
  3 kobold brigands
  A necrophage (D:6)
  5 scorpions
  2 gnoll sergeants (D:7)
  2 bullfrogs (Lair:4)
  3 killer bees (D:8)
  10 howler monkeys
  17 orc priests
  8 hounds
  4 gnoll boudas
  4 jellies
  3 iguanas
  14 orc wizards
  A lightning spire (Gauntlet)
  16 gnolls
  5 adders
  A white imp (D:6)
  6 ufetubi
  A worm (D:3)
  A dart slug (D:4)
  45 orcs
  4 endoplasms
  A giant cockroach (D:2)
  7 goblins
  2 hobgoblins
  2 quokkas
  2 ball pythons
  3 bats (D:1)
  A frilled lizard (D:3)
  9 kobolds
  6 rats
354 creatures vanquished.

Vanquished Creatures (others)
  20 fungi
  67 plants
87 creatures vanquished.

Grand Total: 441 creatures vanquished

Notes
Turn   | Place    | Note
-------+----------+-------------------------------------------
     0 | D:1      | lunkers the Meteoran Earth Elementalist began the quest for
                  | the Orb.
     0 | D:1      | Reached XP level 1. HP: 14/14 MP: 5/5
    34 | D:1      | Reached XP level 2. HP: 20/20 MP: 2/6
    69 | D:1      | Reached skill level 4 in Earth Magic
   268 | D:2      | Noticed Sigmund
   276 | D:2      | Killed Sigmund
   277 | D:2      | Reached skill level 6 in Earth Magic
   277 | D:2      | Reached XP level 3. HP: 6/26 MP: 2/9
   277 | D:2      | Reached XP level 4. HP: 8/33 MP: 2/11
   277 | D:2      | Reached XP level 5. HP: 9/38 MP: 2/12
   277 | D:2      | Reached XP level 6. HP: 11/45 MP: 2/13
   418 | D:3      | Found a burning altar of Makhleb.
   474 | D:3      | Reached skill level 7 in Earth Magic
   520 | D:3      | Reached skill level 5 in Spellcasting
   525 | D:3      | Learned a level 2 spell: Passwall
   529 | D:3      | Learned a level 3 spell: Stone Arrow
   553 | D:4      | Found Jeeschowk's Book Boutique.
   591 | D:4      | Identified the +3 plate armour "Uxtionwy" {rCorr}
   603 | D:4      | Reached XP level 7. HP: 46/50 MP: 13/15
   650 | D:4      | Found a glowing golden altar of the Shining One.
   716 | D:4      | Found a shadowy altar of Dithmenos.
   862 | D:4      | Found a hazy altar of Hepliaklqana.
   912 | D:5      | Entered Level 5 of the Dungeon
   976 | D:5      | Found a radiant altar of Vehumet.
   982 | D:5      | Became a worshipper of Vehumet
  1116 | D:5      | Found an opulent altar of Gozag.
  1180 | D:5      | Reached skill level 8 in Earth Magic
  1206 | D:6      | Noticed a water moccasin
  1209 | D:6      | Killed a water moccasin
  1210 | D:6      | Reached XP level 8. HP: 57/57 MP: 14/17
  1227 | D:6      | Reached skill level 9 in Earth Magic
  1332 | D:6      | Reached skill level 1 in Conjurations
  1536 | D:6      | Reached * piety under Vehumet
  1536 | D:6      | Offered knowledge of Kiss of Death by Vehumet.
  1594 | D:7      | Gained mutation: You passively map the area around you.
                  | [Meteoran growth]
  1594 | D:7      | Reached XP level 9. HP: 62/62 MP: 18/20
  1604 | D:7      | Found a staircase to the Ecumenical Temple.
  1696 | D:7      | Noticed a two-headed ogre
  1708 | D:7      | Killed a two-headed ogre
  1709 | D:7      | Reached skill level 5 in Conjurations
  1709 | D:7      | Reached skill level 10 in Earth Magic
  1716 | D:7      | Found a flagged portal.
  1735 | Bailey   | Entered a bailey
  1797 | Bailey   | Noticed an orc knight
  1807 | Bailey   | Killed an orc knight
  1808 | Bailey   | Reached skill level 11 in Earth Magic
  1808 | Bailey   | Reached XP level 10. HP: 69/69 MP: 6/24
  1934 | Bailey   | Noticed an orc knight
  1956 | Bailey   | an orc knight changed into a salamander
  1956 | Bailey   | Noticed a salamander
  1962 | Bailey   | Killed a salamander
  2124 | D:7      | Reached ** piety under Vehumet
  2124 | D:7      | Offered knowledge of Shock by Vehumet.
  2128 | D:7      | Reached skill level 10 in Spellcasting
  2361 | D:7      | Reached skill level 12 in Earth Magic
  2368 | D:7      | Reached skill level 1 in Shields
  2369 | D:7      | Reached skill level 1 in Fighting
  2418 | D:7      | Offered knowledge of Ignite Poison by Vehumet.
  2490 | D:7      | Reached XP level 11. HP: 55/79 MP: 15/26
  2494 | D:7      | Reached *** piety under Vehumet
  2838 | D:8      | Offered knowledge of Inner Flame by Vehumet.
  2845 | D:8      | Learned a level 4 spell: Petrify
  3012 | D:8      | Paralysed by a hornet for 2 turns
  3026 | D:8      | Found a staircase to the Lair.
  3222 | D:9      | Found Oghappa's Book Emporium.
  3223 | D:9      | Noticed a tengu warrior
  3224 | D:9      | Found a basalt altar of Yredelemnul.
  3236 | D:8      | Killed a tengu warrior
  3236 | D:8      | Reached **** piety under Vehumet
  3237 | D:8      | Reached skill level 5 in Shields
  3293 | D:8      | Reached skill level 13 in Earth Magic
  3342 | D:9      | Offered knowledge of Olgreb's Toxic Radiance by Vehumet.
  3370 | D:9      | Reached XP level 12. HP: 28/93 MP: 11/28
  3394 | D:9      | Found a runed translucent door.
  3441 | D:9      | Got the Catalogue of Limitation
  3448 | D:9      | Learned a level 5 spell: Iskenderun's Battlesphere
  3831 | D:9      | Found a runed translucent gate.
  3831 | D:9      | Found a runed translucent gate.
  3832 | D:9      | Noticed IdlyInterested's ghost (novice DsGl)
  3835 | D:9      | Found a runed translucent gate.
  3895 | D:9      | Reached skill level 5 in Fighting
  3964 | D:10     | Entered Level 10 of the Dungeon
  3970 | D:10     | Noticed a deep elf pyromancer
  3976 | D:10     | Killed a deep elf pyromancer
  4210 | D:4      | Bought Great Wizards, Vol. II for 532 gold pieces
  4216 | D:4      | Learned a level 5 spell: Borgnjor's Vile Clutch
  4371 | Lair:1   | Entered Level 1 of the Lair of Beasts
  4446 | Lair:2   | Noticed a boulder beetle
  4454 | Lair:2   | Killed a boulder beetle
  4455 | Lair:2   | Reached skill level 1 in Necromancy
  4531 | Lair:2   | Found a gate leading to a gauntlet.
  4542 | Gauntlet | Entered a Gauntlet
  4542 | Gauntlet | Found a transporter.
  4546 | Gauntlet | Noticed a sixfirhy
  4550 | Gauntlet | Found a transporter.
  4553 | Gauntlet | Found a transporter.
  4554 | Gauntlet | Found a transporter.
  4566 | Gauntlet | Noticed a sixfirhy
  4588 | Gauntlet | Killed a sixfirhy
  4613 | Gauntlet | Killed a sixfirhy
  4616 | Gauntlet | Found a transporter.
  4626 | Gauntlet | Found a transporter.
  4627 | Gauntlet | Found a transporter.
  4632 | Gauntlet | Identified the +0 ring mail "Kuiz Ceesh" {Str+6 Stlth+}
  4634 | Gauntlet | Found a runed translucent door.
  4634 | Gauntlet | Found a runed translucent door.
  4639 | Gauntlet | Found a transporter.
  4640 | Gauntlet | Found a transporter.
  4643 | Gauntlet | Found a transporter.
  4656 | Gauntlet | Noticed a sun demon
  4673 | Gauntlet | Found a transporter.
  4673 | Gauntlet | Found a transporter.
  4673 | Gauntlet | Found a transporter.
  4682 | Gauntlet | HP: 4/94 [sun demon (9)]
  4683 | Gauntlet | Killed a sun demon
  4684 | Gauntlet | Noticed an entropy weaver
  4689 | Gauntlet | Identified the ring of Equilibrium {rElec rF+ Will+ Str-3
                  | Dex+7}
  4890 | Gauntlet | Noticed a minotaur
  4896 | Gauntlet | Killed a minotaur
  4897 | Gauntlet | Reached skill level 5 in Necromancy
  5041 | Lair:3   | Noticed a boulder beetle
  5055 | Lair:3   | Killed a boulder beetle
  5148 | Lair:4   | Reached XP level 13. HP: 53/100 MP: 26/30
  5160 | Lair:4   | Found a dark tunnel.
  5173 | Volcano  | Entered a volcano
  5278 | Volcano  | Identified a scroll of acquirement
  5371 | Lair:5   | Entered Level 5 of the Lair of Beasts
  5375 | Lair:5   | Reached skill level 10 in Shields
  5392 | Lair:5   | Reached ***** piety under Vehumet
  5439 | Lair:5   | Offered knowledge of Arcjolt by Vehumet.
  5571 | Lair:5   | Noticed Sonja
  5577 | Lair:5   | Killed Sonja
  5578 | Lair:5   | Reached skill level 14 in Earth Magic
  5681 | Lair:5   | Noticed a death yak
  5690 | Lair:5   | Noticed a four-headed hydra
  5696 | Lair:5   | Killed a death yak
  5740 | Lair:5   | Noticed a death yak
  5745 | Lair:5   | Killed a death yak
  5747 | Lair:5   | Killed a four-headed hydra
  5773 | Lair:5   | Noticed a catoblepas
  5780 | Lair:5   | Killed a catoblepas
  5785 | Lair:5   | Reached XP level 14. HP: 100/107 MP: 14/32
  5819 | Lair:5   | Reached skill level 15 in Earth Magic
  6012 | Lair:5   | Acquired a book of Annihilations
  6014 | Lair:5   | Acquired 966 gold pieces
  6024 | Lair:5   | Found a viscous altar of Jiyva.
  6025 | Lair:5   | Found a staircase to the Slime Pits.
  6104 | Lair:5   | Found a runed translucent door.
  6106 | Lair:5   | Noticed a fire dragon
  6113 | Lair:5   | Killed a fire dragon
  6424 | Lair:4   | Offered knowledge of Conjure Ball Lightning by Vehumet.
  6465 | Lair:4   | Reached skill level 16 in Earth Magic
  6500 | Lair:4   | Learned a level 9 spell: Shatter
  6638 | Lair:3   | Found a hole to the Spider Nest.
  6718 | Spider:1 | Entered Level 1 of the Spider Nest
  6761 | Spider:1 | Mangled by a jumping spider

Illustrated notes

Levels and vault maps discovered:
D:1:      lemuel_arrival_hallway, layout_basic
D:2:      layout_rooms, basic_altar, serial_shops, nicolae_shop_waterfront,
          shop, nicolae_shop_behind_doors, shop, minmay_quadrilaterals,
          uniq_sigmund
D:3:      layout_basic, lightli_temple_of_fire,
          gammafunk_temple_overflow_elements, minmay_close_crescents
D:4:      layout_loops_ring, mainiacjoe_overflow_small_starburst,
          old_standard_altar, general_overflow_altar, serial_shops, shop
D:5:      layout_basic, mainiacjoe_overflow_six_doors_small,
          kennysheep_mini_moat, serial_bayou_pond_d, nrook_campfire,
          skrybe_limestone_x, grunt_ministairs_12
D:6:      layout_basic
D:7:      lemuel_castle_with_subvaults [lemuel_castle_interior_carwin_1],
          layout_gridville, nicolae_qazlal_eye_of_the_storm,
          minmay_temple_entry_mist, enter_bailey_3
D:8:      layout_layer_cave, lemuel_tele_altar, minmay_lair_entry_grove,
          grunt_decor_clamped
D:9:      layout_loops_corners, dk_yredelemnul_ordeal,
          ebering_ghost_rock_garden, serial_shops, shop,
          hangedman_feature_mirror, minmay_tree_intersection,
          nicolae_figureground_sparkle
D:10:     layout_loops_corners, minmay_orc_entry_temple_small,
          kennysheep_generic_room_7, uniq_erica, uniq_gastronok, uniq_fannar
Lair:1:   layout_long_grid, serial_bayou_shore_a
Lair:2:   layout_long_grid, gauntlet_entry_generic, hangedman_lair_generics_rect
Lair:3:   layout_chaotic_city, palyth_hydra_swamp_entry,
          nicolae_spider_entry_tight_spaces, grunt_megastairs_2,
          infiniplex_staircase_pool_2, serial_bayou_shore_b
Lair:4:   layout_hall_layers, nicolae_volcano_entry_vermiform
Lair:5:   hangedman_lair_in_review, layout_misc_corridors, wormcave,
          slime_entry_1, serial_bayou_shore_b, uniq_josephine, uniq_sonja
Spider:1: layout_spider_delve, uniq_agnes

Skill      XL: |  1  2  3  4  5  6  7  8  9 10 11 12 13 14 |
---------------+-------------------------------------------+-----
Earth Magic    | 6 7 8 9 11 12 13 14 16 | 16.3
Spellcasting   | 4 5 7 9 10 11 12 13 14 | 14.0
Conjurations   | 3 6 8 9 |  9.5
Shields        | 2 5 9 12 13 | 13.9
Fighting       | 1 4 5 |  5.1
Necromancy     | 5 6 |  6.9
Dodging        | |  2.4
Stealth        | |  1.4
Transmutations | |  1.2

Action                   |  1- 3 |  4- 6 |  7- 9 | 10-12 | 13-15 || total
-------------------------+-------+-------+-------+-------+-------++-------
Melee: Rapier            |       |       |       |    20 |    51 ||    71
 Cast: Sandblast         |    24 |    29 |    96 |   248 |    38 ||   435
       Stone Arrow       |       |       |    11 |    91 |   113 ||   215
       Borgnjor's Vile C |       |       |       |     4 |    51 ||    55
       Iskenderun's Batt |       |       |       |     3 |     6 ||     9
       Passwall          |       |       |       |       |     2 ||     2
Evoke: Wand              |       |       |       |    11 |     6 ||    17
  Use: Scroll            |       |       |     3 |    14 |     6 ||    23
       Potion            |       |       |       |     2 |     1 ||     3
 Stab: Paralysed         |       |       |       |       |     2 ||     2
       Invisible         |       |       |       |       |     1 ||     1
Armor: Robe              |     2 |     2 |     6 |    56 |    38 ||   104
Dodge: Dodged            |     3 |     3 |    13 |    77 |    67 ||   163
Block: Kite shield       |       |       |       |   114 |   176 ||   290

Table legend: (Time is in decaauts)
 A = Elapsed time spent in this place.
 B = Non-inter-level travel time spent in this place.
 C = Inter-level travel time spent in this place.
 D = Time resting spent in this place.
 E = Time spent auto-exploring this place.
 F = Levels seen in this place.
 G = Mean time per level.
                   A        B        C        D        E       F      G
               +--------+--------+--------+--------+--------+-----+--------+
         Total |   7031 |   6014 |   1017 |    134 |   2272 |  19 |  370.1 |
       Dungeon |   4197 |   3525 |    672 |      0 |   2013 |  10 |  419.7 |
          Lair |   1915 |   1571 |    344 |      0 |    203 |   5 |  383.0 |
   Spider Nest |     17 |     17 |      0 |      0 |      0 |   1 |   17.0 |
        Bailey |    375 |    375 |      0 |      0 |     29 |   1 |  375.0 |
       Volcano |    143 |    143 |      0 |      0 |      0 |   1 |  143.0 |
      Gauntlet |    382 |    382 |      0 |    134 |     26 |   1 |  382.0 |
               +--------+--------+--------+--------+--------+-----+--------+

Top non-repeatable levels by time:
  Lair:5: 1091 daAuts
     D:7: 778 daAuts
     D:8: 736 daAuts
     D:9: 729 daAuts
     D:4: 501 daAuts
     D:6: 499 daAuts
  Lair:4: 393 daAuts
Gauntlet: 382 daAuts
  Bailey: 375 daAuts
     D:5: 351 daAuts
  Lair:2: 238 daAuts
     D:2: 210 daAuts
     D:3: 201 daAuts
  Lair:3: 157 daAuts
     D:1: 157 daAuts
